 Dungeon Crawl Stone Soup version 0.25.1-1-g288607f (webtiles) character file.

Game seed: 5348916726082560085

217 KINGKRU the Skirmisher (level 5, -1/47 HPs)
             Began as a Hill Orc Fighter on Sept 20, 2020.
             Was a Follower of Trog.
             Slain by a gnoll
             ... wielding a +0 spear
              (3 damage)
             ... on level 3 of the Dungeon.
             The game lasted 00:05:53 (2309 turns).

KINGKRU the Skirmisher (Hill Orc Fighter)           Turns: 2309, Time: 00:05:53

Health: -1/47      AC:  7    Str: 20    XL:     5   Next: 94%
Magic:  5/5        EV:  7    Int:  8    God:    Trog [*.....]
Gold:   120        SH:  9    Dex: 10    Spells: 4/4 levels left

rFire    . . .     SeeInvis .   a - +4 long sword
rCold    . . .     Gourm    .   c - +0 kite shield
rNeg     . . .     Faith    .   b - +0 scale mail
rPois    .         Spirit   .   (no helmet)
rElec    .         Reflect  .   (no cloak)
rCorr    .         Harm     .   (no gloves)
MR       .....                  (no boots)
Stlth    ..........             (no amulet)
HPRegen  0.15/turn              (no ring)
MPRegen  0.09/turn              (no ring)

@: mighty
A: no striking features
a: Berserk, Renounce Religion


You were on level 3 of the Dungeon.
You worshipped Trog.
Trog was aware of your devotion.
You were not hungry.

You visited 1 branch of the dungeon, and saw 3 of its levels.

You collected 120 gold pieces.

Inventory:

Hand Weapons
 a - a +4 long sword (weapon)
Armour
 b - a +0 scale mail (worn)
 c - a +0 kite shield (worn)
Jewellery
 j - a cursed ring of attention
Scrolls
 e - 6 scrolls of identify
 g - a scroll of fog {unknown}
 k - 3 scrolls of remove curse
 l - a scroll of blinking {unknown}
 n - a scroll of teleportation {unknown}
Potions
 h - a potion of cancellation {unknown}
 i - 3 potions of curing {unknown}
Comestibles
 f - 4 rations
 m - 9 chunks of flesh


   Skills:
 + Level 4.6 Fighting
 + Level 4.0 Long Blades
 + Level 4.0 Armour
 + Level 0.5 Dodging
 + Level 0.1 Stealth
 + Level 4.6 Shields


You had 4 spell levels left.
You didn't know any spells.
Your spell library was empty.

Dungeon Overview and Level Annotations

Branches:
Dungeon (3/15)

Altars:
Ashenzari
Fedhas
Kikubaaqudgha
Trog
Xom
Zin


Message History

The gnoll hits you from afar with a +0 spear.
You closely miss the gnoll.
The gnoll is heavily wounded.
The gnoll hits you but does no damage. You block the gnoll's attack.
The gnoll hits you from afar with a +0 spear!
* * * LOW HITPOINT WARNING * * *
The gnoll hits you but does no damage.
You closely miss the gnoll.
The gnoll is heavily wounded.
The gnoll hits you but does no damage. You block the gnoll's attack.
You closely miss the gnoll.
The gnoll is heavily wounded.
The gnoll hits you but does no damage.
The gnoll hits you from afar with a +0 spear!
* * * LOW HITPOINT WARNING * * *
You slash the gnoll!
You kill the gnoll!
Trog accepts your kill.
The gnoll hits you from afar with a +0 spear.
You die...

#.# .##
####.# .#
..#.# .#
#.#.# .#
#.#.# .#
#...# .#
# #.###
#.#####.#
#....)@.#
####g####
#.# #g#
... #.#
###


You could see a gnoll.

Vanquished Creatures
  A hound (D:2)
  5 gnolls (D:3)
  5 adders
  3 worms (D:2)
  3 dart slugs
  3 leopard geckos
  5 orcs (D:3)
  3 bats
  4 giant cockroaches
  10 goblins
  8 hobgoblins
  3 jackals (D:3)
  7 frilled lizards
  8 kobolds
  8 rats
76 creatures vanquished.

Notes
Turn   | Place    | Note
-------+----------+-------------------------------------------
     0 | D:1      | KINGKRU the Hill Orc Fighter began the quest for the Orb.
     0 | D:1      | Reached XP level 1. HP: 19/19 MP: 1/1
    95 | D:1      | Reached XP level 2. HP: 27/27 MP: 2/2
   621 | D:2      | Reached XP level 3. HP: 28/33 MP: 3/3
   750 | D:2      | Found an ancient bone altar of Kikubaaqudgha.
   764 | D:2      | Found a shattered altar of Ashenzari.
   909 | D:2      | Found a bloodstained altar of Trog.
   909 | D:2      | Found a glowing silver altar of Zin.
  1012 | D:2      | Found a shimmering altar of Xom.
  1013 | D:2      | Found a blossoming altar of Fedhas.
  1053 | D:2      | Became a worshipper of Trog the Wrathful
  1125 | D:2      | Reached XP level 4. HP: 39/40 MP: 4/4
  1798 | D:2      | Reached XP level 5. HP: 47/47 MP: 5/5
  1875 | D:3      | Reached * piety under Trog
  2308 | D:3      | HP: 2/47 [gnoll/+0 spear (8)]
  2309 | D:3      | Slain by a gnoll

Illustrated notes

Levels and vault maps discovered:
D:1:      lightli_arrival_boilingwater, layout_loops_ring,
          minmay_misc_feat_pillars
D:2:      layout_basic, grunt_temple_overflow_open, first_ration,
          serial_bayou_pond_a, minmay_pentomino_v4
D:3:      layout_loops_ring, kennysheep_potato

Skill      XL: |  1  2  3  4  5 |
---------------+----------------+-----
Fighting       | 4 |  4.6
Long Blades    | 3 4 |  4.0
Armour         | 4 |  4.0
Shields        | 4 |  4.6
Dodging        | |  0.5
Stealth        | |  0.1

Action                   |  1- 3 |  4- 6 || total
-------------------------+-------+-------++-------
Melee: Long sword        |    83 |   120 ||   203
  Use: Scroll            |     8 |     1 ||     9
       Potion            |       |     1 ||     1
  Eat: Chunk             |     1 |     2 ||     3
       Ration            |       |     1 ||     1
Armor: Scale mail        |    44 |    51 ||    95
Dodge: Dodged            |    17 |    35 ||    52
Block: Kite shield       |    49 |    68 ||   117
       Rpst.: Long sword |     8 |     8 ||    16
